AoeStats
← Filth Daddy

Arena

508930827Analyzed
3v3 RM · 7d ago on Sep 24, 2026· 33m 21s· 6 players
Game mode
Random Map
Map size
Normal (6 player)
Population
200
Speed
Normal
Resources
Standard
Victory
Conquest
Starting age
Dark Age
Ending age
Imperial Age
RankedLock teamsTeams togetherTeam positionsShared explorationLock speedFull tech treeHidden civsTurbo modeCheats
Victory
Defeat
🇬🇧 Bohemians · United Kingdom
1069
+13
🇬🇧 Franks · United Kingdom
1033
+14
🇬🇧 Turks · United Kingdom
1018
+14
🇺🇸 Vikings · United States
1030
-15
🇩🇪 Mongols · Germany
1008
-14
🇬🇷 Slavs · Greece
945
-12
Witch_King_13
4:53 Loom
9:19 Feudal Age
9:46 Double-Bit Axe
13:52 Wheelbarrow
19:14 Castle Age
18:31 Stone Mining
18:35 Gold Mining
19:28 Bloodlines
19:25 Light Cavalry
22:45 Husbandry
25:48 Pikeman
28:20 Ballistics
29:51 Murder Holes
30:38 Forging
30:34 Scale Barding Armor
30:22 Fletching
AlexShukov13
12:44 Feudal Age
17:21 Castle Age
15:17 Double-Bit Axe
16:21 Horse Collar
16:35 Gold Mining
17:13 Fletching
18:53 Town Watch
18:36 Crossbowman
22:07 Pikeman
24:14 Padded Archer Armor
25:52 Ballistics
25:53 Squires
26:05 Bodkin Arrow
28:20 Leather Archer Armor
27:57 Loom
afanas
11:31 Feudal Age
12:28 Horse Collar
15:28 Castle Age
13:16 Double-Bit Axe
17:42 Gold Mining
18:53 Bow Saw
20:03 Loom
21:31 Heavy Plow
24:48 Wheelbarrow
24:56 Scale Barding Armor
25:02 Forging
Jesus2.0
11:41 Feudal Age
15:46 Castle Age
15:09 Double-Bit Axe
17:42 Bow Saw
20:04 Scale Barding Armor
25:33 Wheelbarrow
27:09 Chain Barding Armor
32:06 Hand Cart
32:49 Forging
Filth Daddy
10:51 Feudal Age
14:49 Castle Age
12:47 Loom
12:49 Double-Bit Axe
13:12 Horse Collar
16:31 Bow Saw
26:17 Imperial Age
24:06 Heavy Plow
25:10 Fletching
26:18 Wheelbarrow
26:59 Bodkin Arrow
27:27 Conscription
30:09 Hand Cart
29:57 Bracer
30:50 Bracer
Just_Ed
12:39 Feudal Age
17:03 Castle Age
15:10 Double-Bit Axe
21:17 Imperial Age
19:35 Gold Mining
19:48 Horse Collar
20:48 Bow Saw
27:33 Heavy Plow
29:03 Bloodlines
30:22 Forging
32:03 Wheelbarrow
Connection lost

Rejoining the realm…

Still unreachable

The connection could not be restored.

Session expired

The server has moved on; the page needs a fresh start.